 Dungeon Crawl Stone Soup version 0.26-a0-812-g31a745ddcd (webtiles) character file.

Game seed: 17994814302721705534

88 Dracia the Poker (level 4, 0/33 HPs)
             Began as a Merfolk Gladiator on Dec 9, 2020.
             Slain by Crazy Yiuf
             ... wielding a +4 quarterstaff of chaos
              (9 damage)
             ... on level 2 of the Dungeon.
             The game lasted 00:02:09 (2088 turns).

Dracia the Poker (Merfolk Gladiator)                Turns: 2088, Time: 00:02:09

Health: 0/33       AC:  4    Str: 20    XL:     4   Next: 54%
Magic:  4/4        EV: 18    Int:  8    God:
Gold:   60         SH:  0    Dex: 15    Spells: 3/3 levels left

rFire    . . .     SeeInvis .   a - +0 trident
rCold    . . .     Faith    .   (no shield)
rNeg     . . .     Spirit   .   k - +0 leather armour (curse)
rPois    .         Reflect  .   c - +0 helmet
rElec    .         Harm     .   (no cloak)
rCorr    .         Rampage  .   (no gloves)
MR       .....                  (no boots)
Stlth    +.........             (no amulet)
HPRegen  0.11/turn              S - +6 ring of strength
MPRegen  0.09/turn              E - +4 ring of evasion

@: hasted, very quick
A: change form in water, swift swim, stealthy swim
a: no special abilities


You were on level 2 of the Dungeon.
You visited 1 branch of the dungeon, and saw 2 of its levels.

You collected 150 gold pieces.
You spent 90 gold pieces at shops.


   Skills:
 - Level 2.1 Fighting
 + Level 7.5 Polearms
 - Level 2.0 Throwing
 - Level 4.0 Dodging


You had 3 spell levels left.
You didn't know any spells.
Your spell library was empty.

Inventory:

Hand Weapons
 a - a +0 trident (weapon)
Missiles
 d - 3 throwing nets {=f=f}
Armour
 b - a +0 leather armour
 c - a +0 helmet (worn)
 k - a cursed +0 leather armour (worn)
Jewellery
 C - an uncursed ring of protection from cold
 E - a +4 ring of evasion (right hand)
 S - a +6 ring of strength (left hand)
Scrolls
 e - 2 scrolls of identify {unknown}
 f - a scroll of fog {unknown}
 g - a scroll of immolation {unknown}
 j - 2 scrolls of remove curse {unknown}
 m - 3 scrolls of teleportation {unknown}
Potions
 h - a potion of heal wounds {unknown}
 i - 2 potions of attraction {unknown}
 l - 2 potions of curing {@q1@q1}

Dungeon Overview and Level Annotations

Branches:
Dungeon (2/15)

Altars:
Zin

Annotations:
D:2 Crazy Yiuf

######....######......#######.#
#....# #........# #.# #....#
#........# #.# ######
########## #.# #.# ###♣♣♣♣♣ #.#
##....♣.♣♣♣ ### #.#
##...P..♣..♣#...# ####.#
###....PP♣♣♣♣@g...# #....#
#.......♣♣ ♣♣#..)# #.####
#....##♣♣ ### #.# #....# #.#
#....# #.#
#....##################.#
#.......'...............#
#.......###........######
#####..............#


You could see Crazy Yiuf.


Message History

You barely miss Crazy Yiuf. Crazy Yiuf misses you.
You hit Crazy Yiuf but do no damage. You hit Crazy Yiuf but do no damage.
Crazy Yiuf yells, "Rifle dark aubergine!"
Crazy Yiuf misses you.
You puncture Crazy Yiuf!
Crazy Yiuf is heavily wounded.
Crazy Yiuf hits you with a +4 quarterstaff of chaos!
You barely miss Crazy Yiuf.
Crazy Yiuf is heavily wounded.
Crazy Yiuf hits you with a +4 quarterstaff of chaos.
* * * LOW HITPOINT WARNING * * *
Crazy Yiuf burns you.
* * * LOW HITPOINT WARNING * * *
You closely miss Crazy Yiuf.
Crazy Yiuf is heavily wounded.
Crazy Yiuf screams, "Prologue koolooloo broken!"
Crazy Yiuf completely misses you.
Unknown command.
You closely miss Crazy Yiuf.
Crazy Yiuf is heavily wounded.
Crazy Yiuf hits you with a +4 quarterstaff of chaos.
* * * LOW HITPOINT WARNING * * *
You feel yourself speed up.
You hit Crazy Yiuf but do no damage.
Crazy Yiuf is heavily wounded.
You closely miss Crazy Yiuf.
Crazy Yiuf is heavily wounded.
Crazy Yiuf hits you with a +4 quarterstaff of chaos!
You die...

Skill      XL: |  1  2  3 |
---------------+----------+-----
Polearms       | 5 6 7 |  7.5
Fighting       | |  2.1
Throwing       | |  2.0
Dodging        | |  4.0

Action                   |  1- 3 |  4- 6 || total
-------------------------+-------+-------++-------
Melee: Trident           |    79 |    63 ||   142
  Use: Potion            |     1 |       ||     1
 Stab: Sleeping          |       |     3 ||     3
Armor: Leather armour    |    16 |     6 ||    22
Dodge: Dodged            |    40 |    36 ||    76

Levels and vault maps discovered:
D:1:      dpeg_arrival_tiny_f, layout_loops_ring
D:2:      layout_basic, zin_purify, uniq_crazy_yiuf_cottage, uniq_jessica

Notes
Turn   | Place    | Note
-------+----------+-------------------------------------------
     0 | D:1      | Dracia the Merfolk Gladiator began the quest for the Orb.
     0 | D:1      | Reached XP level 1. HP: 16/16 MP: 1/1
    94 | D:1      | Reached skill level 5 in Polearms
    99 | D:1      | Reached XP level 2. HP: 22/22 MP: 2/2
   493 | D:1      | Reached skill level 6 in Polearms
   493 | D:1      | Reached XP level 3. HP: 15/27 MP: 3/3
  1260 | D:2      | Found Zin's Purification Station.
  1264 | D:2      | Found a glowing silver altar of Zin.
  1269 | D:2      | Noticed Jessica
  1276 | D:2      | Killed Jessica
  1276 | D:2      | Reached skill level 7 in Polearms
  1276 | D:2      | Reached XP level 4. HP: 33/33 MP: 4/4
  1290 | D:2      | Bought a potion of curing for 90 gold pieces
  2075 | D:2      | Found a runed translucent door.
  2076 | D:2      | Noticed Crazy Yiuf
  2088 | D:2      | Slain by Crazy Yiuf

Vanquished Creatures
  Jessica (D:2)
  An adder (D:2)
  2 worms (D:2)
  2 dart slugs
  2 leopard geckos (D:1)
  6 bats
  A giant cockroach (D:1)
  4 goblins
  4 hobgoblins
  3 jackals (D:1)
  4 kobolds
  7 frilled lizards
  5 rats (D:1)
42 creatures vanquished.

Table legend: (Time is in decaauts)
 A = Elapsed time spent in this place.
 B = Non-inter-level travel time spent in this place.
 C = Inter-level travel time spent in this place.
 D = Time resting spent in this place.
 E = Time spent auto-exploring this place.
 F = Levels seen in this place.
 G = Mean time per level.
                   A        B        C        D        E       F      G
               +--------+--------+--------+--------+--------+-----+--------+
         Total |   2083 |   2052 |     31 |      0 |   1797 |   2 | 1041.5 |
       Dungeon |   2083 |   2052 |     31 |      0 |   1797 |   2 | 1041.5 |
               +--------+--------+--------+--------+--------+-----+--------+

Top non-repeatable levels by time:
     D:1: 1053 daAuts
     D:2: 1030 daAuts

Table legend:
 A = Non-vault XP
 B = Vault XP
 C = Vault XP percentage of total XP
 D = Non-vault monster count
 E = Vault monster count
 F = Vault count percentage of total count
                 A         B        C        D         E       F
            +---------+---------+-------+---------+---------+-------
      Total |      90 |      37 |  29.1 |      41 |       1 |   2.4
            +---------+---------+-------+---------+---------+-------
        D:1 |      45 |       0 |   0.0 |      25 |       0 |   0.0
        D:2 |      45 |      37 |  45.1 |      16 |       1 |   5.9
            +---------+---------+-------+---------+---------+-------
